 Dungeon Crawl Stone Soup version 0.28.0-53-g5a82cb258f (webtiles) character file.

Game seed: 17264092415931286831

2548 Kranky the Fighter (level 9, -3/66 HPs)
             Began as an Octopode Fighter on June 20, 2022.
             Was an Initiate of Okawaru.
             Slain by Harold
             ... wielding a +0 dire flail
              (13 damage)
             ... on level 7 of the Dungeon.
             The game lasted 00:14:14 (7846 turns).

Kranky the Fighter (Octopode Fighter)               Turns: 7846, Time: 00:14:14

Health: -3/66      AC:  3    Str: 21    XL:     9   Next: 56%
Magic:  9/9        EV: 15    Int: 11    God:    Okawaru [......]
Gold:   573        SH:  6    Dex: 15    Spells: 8/8 levels left

rFire   + . .      SeeInvis .   G - +4 falchion
rCold   . . .      Faith    .   b - +0 buckler
rNeg    . . .      Spirit   .   d - +2 hat
rPois   +          Reflect  .   (no amulet)
rElec   .          Harm     .   h - ring of poison resistance
rCorr   .          Rampage  .   m - +6 ring of strength
Will    .....                   z - ring of protection from fire
Stlth   ++++......              (no ring)
HPRegen 0.21/turn               (no ring)
MPRegen 0.11/turn               (no ring)
                                (no ring)
                                (no ring)

@: no status effects
A: almost no armour, amphibious, 8 rings, camouflage 1, gelatinous body 1,
(nimble swimmer 1), tentacles
a: Renounce Religion


You were on level 7 of the Dungeon.
You worshipped Okawaru.
Okawaru was noncommittal.
You visited 2 branches of the dungeon, and saw 8 of its levels.

You collected 573 gold pieces.

Inventory:

Hand Weapons
 n - a +1 mace of draining
 C - a +1 war axe of freezing
 G - a +4 falchion (weapon)
Missiles
 l - 11 poisoned darts (quivered)
Armour
 b - a +0 buckler (worn)
 d - a +2 hat (worn)
Jewellery
 h - a ring of poison resistance (left tentacle)
 m - a +6 ring of strength (right tentacle)
 y - the ring of Weny {Fire rN+}
   (You found it on level 5 of the Dungeon)

   [ring of fire]

   It enhances your fire magic.
   rF:        It protects you from fire.
   rC:        It makes you vulnerable to cold.
   rN:        It protects you from negative energy.
 z - a ring of protection from fire (on tentacle)
Wands
 i - a wand of iceblast (18)
 u - a wand of paralysis (8)
 B - a wand of flame (16)
 D - a wand of mindburst (12)
Scrolls
 a - a scroll of magic mapping {unknown}
 f - 4 scrolls of silence {unknown}
 k - a scroll of identify {unknown}
 p - a scroll of enchant armour {unknown}
 q - 2 scrolls of teleportation {unknown}
 s - a scroll of noise {unknown}
 w - a scroll of fear {unknown}
 A - 2 scrolls of fog {unknown}
 F - a scroll of blinking {unknown}
Potions
 c - 2 potions of might
 e - 2 potions of lignification {unknown}
 g - 2 potions of resistance {unknown}
 j - a potion of mutation {unknown}
 o - 2 potions of cancellation {unknown}
 r - a potion of curing {unknown}
 t - 3 potions of degeneration {unknown}
 v - 4 potions of magic {unknown}
 x - a potion of flight {unknown}
 E - a potion of brilliance {unknown}
 H - a potion of attraction {unknown}


   Skills:
 - Level 8.0 Fighting
 - Level 2.0 Maces & Flails
 + Level 4.2 Throwing
 - Level 6.0 Dodging
 - Level 6.0 Stealth
 + Level 6.3 Shields
 - Level 3.0 Evocations


You had 8 spell levels left.
You didn't know any spells.
Your spell library contained the following spells:

 Spells                   Type           Power      Damage    Failure   Level
 Foxfire                  Conj/Fire      0%         2x1d4     41%         1
 Pain                     Necr           0%         1d4       41%         1
 Sublimation of Blood     Necr           0%         N/A       56%         2
 Wereblood                Tmut           0%         N/A       56%         2
 Confusing Touch          Hex            0%         N/A       80%         3
 Conjure Flame            Conj/Fire      0%         6-21      80%         3
 Ignite Poison            Fire/Tmut/Pois 0%         N/A       80%         3
 Inner Flame              Hex/Fire       0%         N/A       80%         3
 Vampiric Draining        Necr           0%         2d6       80%         3
 Flame Wave               Conj/Fire      0%         2d4       99%         4
 Sticky Flame             Conj/Fire      0%         2d3       99%         4
 Fireball                 Conj/Fire      0%         3d3       100%        5
 Metabolic Englaciation   Hex/Ice        0%         N/A       100%        5
 Starburst                Conj/Fire      0%         6d3       100%        6
 Ignition                 Fire           0%         3d3       100%        8
 Animate Skeleton         Necr           Unusable   N/A       N/A         1
 Tukima's Dance           Hex            Unusable   N/A       N/A         3
 Summon Hydra             Summ           Unusable   N/A       N/A         7

Dungeon Overview and Level Annotations

Branches:
Dungeon (7/15)             Temple (1/1) D:7

Altars:
Ashenzari
Cheibriados
Elyvilon
Fedhas
Gozag
Hepliaklqana
Kikubaaqudgha
Makhleb
Nemelex Xobeh
Okawaru
Qazlal
Ru
Sif Muna
Trog
Uskayaw
Vehumet
Wu Jian
Xom
Yredelemnul
Zin
The Shining One

Annotations:
D:7 Harold


Innate Abilities, Weirdness & Mutations

You cannot wear most types of armour.
You are amphibious.
You can wear up to eight rings at the same time.
Your skin changes colour to match your surroundings (Stealth+).
Your rubbery body absorbs attacks. (AC +1, EV +1)
((You are camouflaged when in or above water. (Stealth+)))
You have tentacles for arms and can constrict up to eight enemies at once.


Message History

A howler monkey skeleton and a scorpion come into view.
There are monsters nearby!
Found a scroll labelled BODUNI QAESIE.
Found 16 stones.
The helpless howler monkey skeleton fails to defend itself.
You slash the howler monkey skeleton!
Your grab misses the howler monkey skeleton.
The howler monkey skeleton is severely damaged.
The howler monkey skeleton hits you.
You slash the howler monkey skeleton!
You destroy the howler monkey skeleton!
Okawaru accepts your kill.
Your life force feels restored.
You hit the scorpion but do no damage. Your grab misses the scorpion.
Your squeeze misses the scorpion. The scorpion barely misses you. x2
You hit the scorpion. You grab the scorpion.
The scorpion is moderately wounded.
You constrict the scorpion. The scorpion misses you.
You block the scorpion's attack.
You slash the scorpion!
You kill the scorpion!
Okawaru accepts your kill.
No target in view!
HP restored.
Harold the Weathered comes into view.
He is wielding a +0 dire flail.
You see here a Trismegistus Codex.
Harold shouts!
Harold hits you with a +0 dire flail!!
You hit Harold but do no damage. You grab Harold. You squeeze Harold!
Harold is lightly wounded.
You constrict Harold. You block Harold's attack.
You hit Harold. You squeeze Harold, but do no damage.
Harold is moderately wounded.
You constrict Harold. Harold hits you with a +0 dire flail!
You slash Harold!
Harold is moderately wounded.
You constrict Harold, but do no damage. Harold hits you with a +0 dire flail!!
* * * LOW HITPOINT WARNING * * *
Harold hits you with a +0 dire flail!
You die...

######.####.#########.....
#................ ##.#.#
#.####.:#...####. #....
.## #........# #....
....#........##. #####
#.......(..?..
####..#.##..#.#
......#.##..# #
####...@...##
#....@.......#
#......##....# #......#
..... #......# ....
#......# ... ######.# ..#
#..


You could see Harold.

Vanquished Creatures
  Maggie (D:6)
  A water moccasin (D:6)
  2 orc warriors
  3 black bears
  3 ogres
  3 centaurs
  A gnoll sergeant (D:6)
  A bullfrog (D:5)
  A water moccasin zombie (D:5)
  4 scorpions
  8 wights
  A howler monkey (D:5)
  A hound (D:5)
  2 orc priests (D:5)
  2 jellies
  Crazy Yiuf (D:3)
  2 orc wizards
  A hound skeleton (D:4)
  A howler monkey zombie (D:6)
  A howler monkey skeleton (D:7)
  5 gnolls (D:6)
  3 adders
  A shadow imp (D:6)
  A worm (D:2)
  7 orcs
  6 bats
  8 endoplasms
  A giant cockroach (D:3)
  6 goblins
  8 hobgoblins
  4 jackals (D:1)
  6 quokkas
  6 ball pythons
  2 frilled lizards
  8 kobolds
  10 rats
122 creatures vanquished.

Vanquished Creatures (others)
  3 toadstools (D:7)
3 creatures vanquished.

Grand Total: 125 creatures vanquished

Notes
Turn   | Place    | Note
-------+----------+-------------------------------------------
     0 | D:1      | Kranky the Octopode Fighter began the quest for the Orb.
     0 | D:1      | Reached XP level 1. HP: 16/16 MP: 1/1
    33 | D:1      | Reached skill level 1 in Stealth
    37 | D:1      | Reached XP level 2. HP: 19/21 MP: 2/2
   500 | D:1      | Reached XP level 3. HP: 21/26 MP: 3/3
  1449 | D:2      | Found a radiant altar of Vehumet.
  1523 | D:2      | Reached skill level 4 in Fighting
  1636 | D:2      | Found a faded altar of an unknown god.
  1680 | D:3      | Reached XP level 4. HP: 30/33 MP: 4/4
  2013 | D:3      | Found a runed translucent door.
  2014 | D:3      | Noticed Crazy Yiuf
  2064 | D:3      | Found an ornate altar of the Wu Jian Council.
  2313 | D:3      | Killed Crazy Yiuf
  2314 | D:3      | Reached XP level 5. HP: 34/38 MP: 5/5
  2536 | D:4      | Noticed an orc warrior
  3080 | D:4      | Killed an orc warrior
  3081 | D:4      | Reached skill level 5 in Fighting
  3081 | D:4      | Reached XP level 6. HP: 20/45 MP: 6/6
  3357 | D:5      | Entered Level 5 of the Dungeon
  3523 | D:5      | Reached skill level 6 in Fighting
  3523 | D:5      | Reached XP level 7. HP: 20/52 MP: 7/7
  3781 | D:5      | Reached skill level 5 in Dodging
  3902 | D:5      | Identified the ring of Weny {Fire rN+}
  3935 | D:5      | Reached skill level 7 in Fighting
  4263 | D:5      | Reached XP level 8. HP: 52/60 MP: 8/8
  4874 | D:6      | Found a basalt altar of Yredelemnul.
  4968 | D:6      | Reached skill level 8 in Fighting
  5264 | D:6      | Reached skill level 1 in Throwing
  5277 | D:6      | Reached skill level 5 in Stealth
  5638 | D:6      | Noticed Maggie
  5651 | D:6      | Killed Maggie
  5652 | D:6      | Reached skill level 5 in Shields
  5652 | D:6      | Reached XP level 9. HP: 35/66 MP: 9/9
  5907 | D:6      | Found an iron altar of Okawaru.
  6013 | D:6      | Became a worshipper of Warmaster Okawaru
  6265 | D:6      | Got the Guide on Glamour
  6339 | D:6      | Reached skill level 1 in Evocations
  7402 | D:7      | Found a staircase to the Ecumenical Temple.
  7443 | Temple   | Entered the Ecumenical Temple
  7837 | D:7      | Noticed Harold
  7846 | D:7      | Slain by Harold

Illustrated notes

Levels and vault maps discovered:
D:1:      shiori_arrival_maze, layout_basic, palyth_stone_intersect
D:2:      layout_rooms, hellmonk_ecumenical_altar_leap_of_faith, basic_altar
D:3:      cheibrodos_old_hovel, layout_rooms, nicolae_wu_jian_glorious_leap,
          uniq_crazy_yiuf_cottage
D:4:      layout_loops_ring
D:5:      layout_basic
D:6:      layout_basic, mainiacjoe_overflow_catch_the_wave, uniq_maggie
D:7:      layout_loops_cross, minmay_temple_entry_slanted,
          minmay_gold_behind_fungi, uniq_harold
Temple:   eino_narrow_crystal_temple

Skill      XL: |  1  2  3  4  5  6  7  8  9 |
---------------+----------------------------+-----
Stealth        | 1 2 3 6 |  6.0
Fighting       | 4 5 6 7 8 |  8.0
Dodging        | 4 5 6 |  6.0
Shields        | 4 5 6 |  6.3
Throwing       | 3 4 |  4.2
Evocations     | 3 |  3.0
Maces & Flails | |  2.0

Action                   |  1- 3 |  4- 6 |  7- 9 || total
-------------------------+-------+-------+-------++-------
Melee: Flail             |    73 |       |       ||    73
       Tentacles         |    13 |    12 |    50 ||    75
       Constrict         |    18 |    15 |    31 ||    64
       Mace              |     1 |    61 |    87 ||   149
       Punch             |       |     3 |     3 ||     6
       Falchion          |       |       |    27 ||    27
       Long sword        |       |       |    26 ||    26
Throw: Dart              |       |     7 |    17 ||    24
 Stab: Sleeping          |    12 |     9 |     6 ||    27
Armor: Skin              |     8 |    10 |    17 ||    35
Dodge: Dodged            |    31 |    21 |   105 ||   157
Block: Buckler           |    10 |     7 |    40 ||    57
